 Dungeon Crawl Stone Soup version 0.21.0-3-g78d12a8 (webtiles) character file.

210 taran the Conjurer (level 5, -5/29 HPs)
             Began as a Tengu Air Elementalist on Jan 13, 2018.
             Slain by a big kobold
             ... wielding a +0 whip
              (7 damage)
             ... in a sewer.
             The game lasted 00:23:13 (2680 turns).

taran the Conjurer (Tengu Air Elementalist)         Turns: 2680, Time: 00:23:14

Health: -5/29      AC:  0    Str:  8    XL:     5   Next: 88%
Magic:  4/9        EV: 16    Int: 17    God:
Gold:   73         SH:  0    Dex: 14    Spells: 2/8 levels left

rFire    . . .     SeeInvis .   w - +2 short sword (protect)
rCold    . . .     Gourm    .   (no shield)
rNeg     . . .     Faith    .   m - -2 robe (curse)
rPois    +         Spirit   .   (helmet restricted)
rElec    .         Reflect  .   (no cloak)
rCorr    .         Harm     .   (no gloves)
MR       .....                  (boots unavailable)
Stlth    ++........             k - amulet of rage
HPRegen  0.09/turn              u - ring of poison resistance
MPRegen  0.11/turn              (no ring)

@: swift, berserk cooldown, flying quickly and evasively, slowed
A: beak, talons 3, able to fly 1
a: Evoke Berserk Rage


You were in a sewer.
You were near starving.

You visited 1 branch of the dungeon, and saw 3 of its levels.
You also visited: Sewer.

You collected 73 gold pieces.

Inventory:

Hand Weapons
 h - a +0 hand axe
 s - a +0 blowgun
 w - a +2 short sword of protection (weapon)
Missiles
 r - 42 poisoned needles
Armour
 a - a +0 robe
 m - a cursed -2 robe (worn)
Jewellery
 k - an amulet of rage (around neck)
 u - a ring of poison resistance (left hand)
Scrolls
 f - 2 scrolls of identify {unknown}
 j - 3 scrolls of teleportation {unknown}
 l - a scroll of enchant weapon {unknown}
 n - 3 scrolls of remove curse {unknown}
 v - a scroll of random uselessness {unknown}
 y - a scroll of fog {unknown}
Potions
 d - a potion of ambrosia {unknown}
 e - 3 potions of haste {unknown}
 i - a potion of curing {unknown}
 o - a potion of invisibility {unknown}
 p - a potion of flight {unknown}
 q - a potion of agility {unknown}
 t - a potion of cancellation {unknown}
 x - 4 potions of heal wounds {unknown}
 z - a potion of brilliance {unknown}
Books
 b - a book of Air

   Spells                             Type                      Level
   a - Shock                          Conjuration/Air              1
   b - Swiftness                      Charms/Air                   2
   c - Static Discharge               Conjuration/Air              3
   d - Airstrike                      Air                          4
   e - Lightning Bolt                 Conjuration/Air              5
Comestibles
 c - 4 rations


   Skills:
 - Level 1.0 Fighting
 + Level 2.9 Dodging
 - Level 2.0 Stealth
 + Level 2.3 Spellcasting
 - Level 5.7 Conjurations
 + Level 4.7 Air Magic
 - Level 1.0 Evocations


You had 2 spell levels left.
You knew the following spells:

 Your Spells              Type           Power        Failure   Level  Hunger
a - Shock                 Conj/Air       ###.         2%          1    #......
b - Static Discharge      Conj/Air       ###.....     7%          3    ###....
s - Swiftness             Chrm/Air       #.......     11%         2    ###....


Dungeon Overview and Level Annotations

Branches:
Dungeon (3/15)

Altars:
Ru


Innate Abilities, Weirdness & Mutations

You have a beak for a mouth.
You have claws for feet.
You can fly.


Message History

The big kobold is heavily wounded.
The big kobold hits you but does no damage.
The big kobold hits you with a whip.
You take 5 damage, and have 12/29 hp.
You miss the big kobold.
The big kobold is heavily wounded.
The big kobold hits you with a whip.
* * * LOW HITPOINT WARNING * * *
You take 5 damage, and have 7/29 hp.
Unknown command.
Unknown command.
Casting: Shock
Confirm with . or Enter, or press ? or * to list all spells.
You feel quick. The big kobold closely misses you. The big kobold misses you.
You now have 4/9 mp.
The big kobold hits you with a whip.
* * * LOW HITPOINT WARNING * * *
You take 6 damage, and have 2/29 hp.
MASSIVE DAMAGE!!
The big kobold hits you with a whip!
You die...

#≈ ≈≈≈≈≈≈≈≈≈≈≈≈##≈≈..≈ #≈
≈≈≈≈≈≈≈≈≈≈≈≈≈≈≈≈≈≈≈≈ #
≈≈≈≈≈≈≈≈≈≈≈≈≈≈≈≈≈≈≈≈ #
≈≈≈≈≈≈≈≈≈≈≈≈≈≈≈≈≈≈≈≈ #≈
≈≈≈≈≈≈≈≈≈≈≈≈≈≈≈≈≈≈≈
#≈≈#######≈≈≈≈≈≈≈≈≈≈≈≈≈≈≈
#≈≈#!.#..#≈≈≈≈≈≈≈..≈≈....
#≈≈#.....#≈.≈≈.≈≈........
#≈≈##..K@)...............
#≈≈#.....#...(.......##..
#≈≈#!.#..##........#####.
#≈≈###########...### #..
#≈≈ ##### ∩..# #≈ #### #


You could see a big kobold.

Vanquished Creatures
  4 river rats (Sewer)
  7 adders
  2 oozes
  3 worms
  2 dart slugs
  A leopard gecko (D:2)
  3 orcs (D:3)
  2 ball pythons
  2 giant cockroaches
  11 goblins
  8 hobgoblins
  A quokka (D:2)
  3 bats (D:1)
  8 frilled lizards
  13 kobolds
  26 rats
96 creatures vanquished.

Notes
Turn   | Place    | Note
-------+----------+-------------------------------------------
     0 | D:1      | taran the Tengu Air Elementalist began the quest for the Orb.
     0 | D:1      | Reached XP level 1. HP: 10/10 MP: 4/4
    54 | D:1      | Reached skill level 2 in Conjurations
   126 | D:1      | Reached XP level 2. HP: 14/15 MP: 0/6
   219 | D:1      | Reached skill level 3 in Conjurations
   499 | D:1      | Reached XP level 3. HP: 19/19 MP: 5/7
   771 | D:1      | Reached skill level 4 in Conjurations
  1012 | D:2      | Found a sacrificial altar of Ru.
  1142 | D:2      | Reached skill level 5 in Conjurations
  1142 | D:2      | Reached XP level 4. HP: 24/24 MP: 5/8
  1196 | D:2      | Learned a level 3 spell: Static Discharge
  1199 | D:2      | Learned a level 2 spell: Swiftness
  1953 | D:3      | Found a glowing drain.
  1988 | Sewer    | Entered a sewer
  2021 | Sewer    | Gained mutation: You can fly. [Tengu growth]
  2021 | Sewer    | Reached XP level 5. HP: 28/28 MP: 9/9
  2132 | Sewer    | Reached skill level 1 in Fighting
  2132 | Sewer    | Reached skill level 1 in Evocations
  2657 | Sewer    | Noticed a big kobold
  2680 | Sewer    | Slain by a big kobold

Skill      XL: |  1  2  3  4  5 |
---------------+----------------+-----
Conjurations   | 2 3 5 |  5.7
Fighting       | 1 |  1.0
Evocations     | 1 |  1.0
Dodging        | |  2.9
Stealth        | |  2.0
Spellcasting   | |  2.3
Air Magic      | |  4.7

Action                   |  1- 3 |  4- 6 || total
-------------------------+-------+-------++-------
Melee: Short sword       |       |     7 ||     7
       Peck              |       |     2 ||     2
       Kick              |       |     1 ||     1
 Fire: Blowgun           |       |    97 ||    97
 Cast: Shock             |    58 |    64 ||   122
       Swiftness         |       |     1 ||     1
 Abil: Fly               |       |     3 ||     3
       Evoke Berserk Rag |       |     1 ||     1
  Eat: Chunk             |     2 |     5 ||     7
Armor: Robe              |     1 |     1 ||     2
Dodge: Dodged            |     4 |    24 ||    28
